 Dungeon Crawl Stone Soup version 0.21.1-1-g345015f (webtiles) character file.

216 diana the Chopper (level 5, -18/48 HPs)
             Began as a Hill Orc Fighter on June 21, 2018.
             Demolished by an orc warrior
             ... wielding a +0 battleaxe
              (21 damage)
             ... on level 3 of the Dungeon.
             The game lasted 00:02:17 (1627 turns).

diana the Chopper (Hill Orc Fighter)                Turns: 1627, Time: 00:02:18

Health: -18/48     AC:  6    Str: 25    XL:     5   Next: 93%
Magic:  5/5        EV:  7    Int:  8    God:
Gold:   130        SH:  9    Dex: 10    Spells: 4/4 levels left

rFire    . . .     SeeInvis .   a - +0 war axe
rCold    . . .     Gourm    .   c - +0 shield
rNeg     . . .     Faith    .   b - +0 scale mail
rPois    .         Spirit   .   (no helmet)
rElec    .         Reflect  .   (no cloak)
rCorr    .         Harm     .   (no gloves)
MR       .....                  (no boots)
Stlth    ..........             (no amulet)
HPRegen  0.16/turn              (no ring)
MPRegen  0.09/turn              (no ring)

@: mighty
A: no striking features
a: no special abilities


You were on level 3 of the Dungeon.
You were hungry.

You visited 1 branch of the dungeon, and saw 3 of its levels.

You collected 130 gold pieces.

Inventory:

Hand Weapons
 a - a +0 war axe (weapon)
Armour
 b - a +0 scale mail (worn)
 c - a +0 shield (worn)
Jewellery
 n - a cursed amulet of inaccuracy {unknown}
Scrolls
 e - a scroll of immolation {unknown}
 j - 3 scrolls of remove curse {unknown}
 m - a scroll of identify {unknown}
 o - 2 scrolls of teleportation {unknown}
Potions
 g - a potion of ambrosia
 h - a potion of brilliance {unknown}
 i - 2 potions of degeneration {unknown}
 k - a potion of haste {unknown}
 l - a potion of heal wounds {unknown}
 p - a potion of magic {unknown}
Comestibles
 f - 9 rations


   Skills:
 + Level 5.3 Fighting
 * Level 6.6 Axes
 - Level 3.2 Armour
 - Level 3.2 Shields


You had 4 spell levels left.
You didn't know any spells.

Dungeon Overview and Level Annotations

Branches:
Dungeon (3/15)

Altars:
Kikubaaqudgha
Xom


Message History

You are confused.
You feel invigorated. The orc warrior closely misses you.
You bump into the rock wall.
The orc warrior hits you with a battleaxe!
You feel less invigorated.
You feel less confused.
There is a stone staircase leading up here.
The orc warrior hits you with a battleaxe!
You see here an orc corpse.
You slice the orc warrior!!
The orc warrior is almost dead.
The orc warrior hits you with a battleaxe!
* * * LOW HITPOINT WARNING * * *
You closely miss the orc warrior.
The orc warrior is almost dead.
You block the orc warrior's attack.
You closely miss the orc warrior.
The orc warrior is almost dead.
The orc warrior hits you with a battleaxe!!
You die...

#.# #.#
#.# ###
#.# ...
#.##.#
#.#.#
##..#
#.<##
#..@#
#..#o#
#..##{#
#..#
o..
#...
.##
#.## ##
#. #.


You could see an orc warrior and an orc.

Vanquished Creatures
  3 vampire bats (D:2)
  A gnoll (D:1)
  2 adders (D:2)
  A worm (D:2)
  A dart slug (D:1)
  2 leopard geckos (D:1)
  An orc (D:3)
  11 bats
  5 bat skeletons (D:2)
  A bat zombie (D:2)
  2 giant cockroaches (D:1)
  3 goblins (D:1)
  7 hobgoblins
  4 jackals (D:1)
  7 kobolds
  2 frilled lizards (D:2)
  3 rats (D:1)
56 creatures vanquished.

Notes
Turn   | Place    | Note
-------+----------+-------------------------------------------
     0 | D:1      | diana the Hill Orc Fighter began the quest for the Orb.
     0 | D:1      | Reached XP level 1. HP: 19/19 MP: 1/1
     2 | D:1      | Noticed a tengu
     4 | D:1      | Noticed a naga
     4 | D:1      | Noticed a halfling
     6 | D:1      | Noticed a felid
     6 | D:1      | Noticed a vine stalker
     8 | D:1      | Noticed a ghoul
     8 | D:1      | Noticed a merfolk
    10 | D:1      | Noticed a draconian
    12 | D:1      | Noticed a gargoyle
    12 | D:1      | Noticed a formicid
    14 | D:1      | Noticed a demonspawn
    14 | D:1      | Noticed a minotaur
    16 | D:1      | Noticed a vampire
    16 | D:1      | Noticed a dwarf
    18 | D:1      | Noticed a demigod
    18 | D:1      | Noticed a human
    20 | D:1      | Noticed an ogre
    20 | D:1      | Noticed a spriggan
    22 | D:1      | Noticed a centaur
    24 | D:1      | Noticed an octopode
    26 | D:1      | Noticed a troll
    26 | D:1      | Noticed an elf
    58 | D:1      | Reached skill level 3 in Axes
    84 | D:1      | Reached XP level 2. HP: 11/27 MP: 2/2
   352 | D:1      | Reached skill level 4 in Axes
   352 | D:1      | Reached XP level 3. HP: 28/33 MP: 3/3
   883 | D:2      | Found a shimmering altar of Xom.
   935 | D:2      | Reached XP level 4. HP: 24/41 MP: 4/4
  1115 | D:2      | Reached skill level 5 in Axes
  1431 | D:2      | Found an ancient bone altar of Kikubaaqudgha.
  1436 | D:2      | Reached XP level 5. HP: 44/47 MP: 5/5
  1440 | D:2      | Reached skill level 5 in Fighting
  1440 | D:2      | Reached skill level 6 in Axes
  1614 | D:3      | Noticed an orc warrior
  1627 | D:3      | Demolished by an orc warrior

Skill      XL: |  1  2  3  4  5 |
---------------+----------------+-----
Axes           | 3 4 5 6 |  6.6
Fighting       | 4 5 |  5.3
Armour         | |  3.2
Shields        | |  3.2

Action                   |  1- 3 |  4- 6 || total
-------------------------+-------+-------++-------
Melee: War axe           |   114 |    68 ||   182
  Use: Potion            |       |     2 ||     2
  Eat: Chunk             |       |     2 ||     2
Armor: Scale mail        |    52 |    52 ||   104
Dodge: Dodged            |    51 |    32 ||    83
Block: Shield            |    69 |    62 ||   131
